 Dungeon Crawl Stone Soup version 0.29-a0-359-g541a27f54d (webtiles) character file.

Game seed: 11973972644114721240

2095 kevlar127 the Ruffian (level 9, -5/89 HPs)
             Began as a Troll Berserker on Apr 28, 2022.
             Was a Priest of Trog.
             Slain by a fire elemental (13 damage)
             ... summoned by a deep elf pyromancer
             ... on level 6 of the Dungeon.
             The game lasted 00:14:01 (6076 turns).

kevlar127 the Ruffian (Troll Berserker)             Turns: 6076, Time: 00:14:02

Health: -5/89      AC: 10    Str: 31    XL:     9   Next: 7%
Magic:  8/8        EV: 10    Int:  3    God:    Trog [***...]
Gold:   135        SH:  0    Dex:  9    Spells: 8/8 levels left

rFire   . . .      SeeInvis .     - Unarmed
rCold   . . .      Faith    .   (no shield)
rNeg    . . .      Spirit   .   a - +0 animal skin
rPois   +          Reflect  .   (helmet restricted)
rElec   .          Harm     .   w - +1 cloak
rCorr   .          Rampage  .   (gloves unavailable)
Will    ++...                   (boots unavailable)
Stlth   +.........              (no amulet)
HPRegen 2.04/turn               u - +4 ring of protection
MPRegen 0.11/turn               A - ring of poison resistance

@: on fire, strong-willed, regenerating, glowing
A: large, unfitting armour, claws 3, regeneration 1, shaggy fur 1, tough skin 1
a: Renounce Religion, Berserk, Trog's Hand


You were on level 6 of the Dungeon.
You worshipped Trog.
Trog was most pleased with you.
You visited 1 branch of the dungeon, and saw 6 of its levels.

You collected 252 gold pieces.
You spent 117 gold pieces at shops.

Inventory:

Missiles
 e - 187 stones (quivered)
 h - 2 atropa-tipped darts
 i - 8 boomerangs
 o - 4 large rocks
 r - 23 poisoned darts
 y - 3 throwing nets
 z - 4 curare-tipped darts
Armour
 a - a +0 animal skin (worn)
 w - a +1 cloak (worn)
Jewellery
 u - a +4 ring of protection (left claw)
 A - a ring of poison resistance (right claw)
Wands
 v - a wand of flame (7)
Scrolls
 d - 3 scrolls of enchant weapon {unknown}
 f - 2 scrolls of fear {unknown}
 j - a scroll of fog {unknown}
 l - 2 scrolls of magic mapping {unknown}
 n - 3 scrolls of blinking {unknown}
 p - 7 scrolls of identify
 t - 3 scrolls of teleportation {unknown}
 x - a scroll of enchant armour {unknown}
 B - a scroll of silence {unknown}
 C - a scroll of summoning {unknown}
 D - a scroll of immolation {unknown}
 G - a scroll of amnesia {unknown}
Potions
 b - 2 potions of ambrosia {unknown}
 c - 4 potions of curing
 g - a potion of heal wounds {unknown}
 k - a potion of berserk rage {unknown}
 m - 4 potions of might
 q - 2 potions of magic {unknown}
 s - 2 potions of flight {unknown}
 E - a potion of haste
 F - 2 potions of degeneration {unknown}
 H - a potion of invisibility {unknown}
 I - a potion of resistance {unknown}


   Skills:
 + Level 6.0 Fighting
 + Level 4.5 Throwing
 - Level 3.0 Dodging
 + Level 7.2 Unarmed Combat
 + Level 3.4 Evocations


You had 8 spell levels left.
You didn't know any spells.
Your spell library was empty.

Dungeon Overview and Level Annotations

Branches:
Dungeon (6/15)             Temple (0/1) D:5

Altars:
Elyvilon
Hepliaklqana
Kikubaaqudgha
Ru
Uskayaw
Wu Jian
Xom

Shops:
D:6 ((:*[


Innate Abilities, Weirdness & Mutations

You are too large for most types of armour.
You have claws for hands.
Your natural rate of healing is unusually fast.
You are covered in fur. (AC +1)
You have tough skin. (AC +1)


Message History

The deep elf pyromancer casts a spell at you.
The bolt of fire hits you!
You are covered in liquid flames!
You are no longer on fire.
The deep elf pyromancer gestures wildly while chanting.
The deep elf pyromancer casts a spell at you.
The sticky flame hits you!
You are covered in liquid flames!
The fire elemental hits you. The fire elemental burns you!
You are covered in liquid flames!
The deep elf pyromancer barely misses you.
The fire elemental barely misses you. The fire elemental closely misses you.
You barely miss the deep elf pyromancer.
You are covered in liquid flames!
The deep elf pyromancer points at you and mumbles some strange words.
The sticky flame hits you.
You are covered in liquid flames!
The fire elemental hits you. The fire elemental burns you!
The fire elemental hits you. The fire elemental burns you!
You closely miss the deep elf pyromancer.
You are covered in liquid flames!
The fire elemental barely misses you. The fire elemental hits you.
The fire elemental burns you!
* * * LOW HITPOINT WARNING * * *
The deep elf pyromancer hits you but does no damage.
You barely miss the deep elf pyromancer.
You are covered in liquid flames!
* * * LOW HITPOINT WARNING * * *
The fire elemental hits you. The fire elemental burns you!
* * * LOW HITPOINT WARNING * * *
The fire elemental barely misses you.
The deep elf pyromancer points at you and mumbles some strange words.
The sticky flame hits you but does no damage.
You are covered in liquid flames!
The deep elf pyromancer attacks as you move away!
The deep elf pyromancer closely misses you.
You are covered in liquid flames!
* * * LOW HITPOINT WARNING * * *
The fire elemental hits you. The fire elemental burns you!
You die...

#...#.....# ##.............
#......######..............
######.....................
#..#..8...8..#........
#..#..#...#..#........
#..#..#...#..#.#......
#..#..#...#..#.#......
#..#..#...#..#....####
#..#E@#...#..#....#
#..#.E#+++#..#....#
#..#.○e..8+..#.##.#.#
##.#..'...+ #....#.#
#.#..'8.?+ #......
#.###########....#
#................#
######.##.#......#
#.........>.#


You could see a deep elf pyromancer and 2 fire elementals.

Vanquished Creatures
  A two-headed ogre (D:5)
  Sigmund (D:2)
  Edmund (D:5)
  An ice beast (D:6)
  A sky beast (D:6)
  Blork the orc (D:5)
  A scorpion (D:6)
  6 killer bees (D:5)
  2 hounds
  2 gnoll shamans
  An orc priest (D:6)
  Crazy Yiuf (D:4)
  3 iguanas
  2 orc wizards (D:6)
  20 gnolls
  7 adders
  A white imp (D:5)
  A worm (D:3)
  4 dart slugs
  11 orcs
  6 endoplasms
  11 goblins
  10 hobgoblins
  7 jackals
  3 quokkas
  8 ball pythons
  9 bats
  3 frilled lizards
  13 kobolds
  6 rats
144 creatures vanquished.

Notes
Turn   | Place    | Note
-------+----------+-------------------------------------------
     0 | D:1      | kevlar127 the Troll Berserker began the quest for the Orb.
     0 | D:1      | Reached XP level 1. HP: 22/22 MP: 0/0
   335 | D:1      | Reached XP level 2. HP: 29/29 MP: 1/1
   769 | D:2      | Reached XP level 3. HP: 36/36 MP: 2/2
   844 | D:2      | Reached ** piety under Trog
  1217 | D:2      | Reached XP level 4. HP: 45/45 MP: 3/3
  1306 | D:2      | Noticed Sigmund
  1316 | D:2      | Killed Sigmund
  1317 | D:2      | Reached skill level 4 in Unarmed Combat
  1317 | D:2      | Reached XP level 5. HP: 35/54 MP: 4/4
  1622 | D:2      | Found a faded altar of an unknown god.
  1718 | D:3      | Reached XP level 6. HP: 62/62 MP: 5/5
  1719 | D:3      | Reached skill level 5 in Unarmed Combat
  2790 | D:4      | Reached skill level 1 in Throwing
  2798 | D:4      | Found a white marble altar of Elyvilon.
  2799 | D:4      | Reached *** piety under Trog
  2883 | D:4      | Found an ancient bone altar of Kikubaaqudgha.
  2891 | D:4      | Found a hide-covered altar of Uskayaw.
  3094 | D:4      | Found a runed translucent door.
  3095 | D:4      | Noticed Crazy Yiuf
  3425 | D:4      | Killed Crazy Yiuf
  3507 | D:5      | Entered Level 5 of the Dungeon
  3507 | D:5      | Noticed Blork the orc
  3507 | D:5      | Found a staircase to the Ecumenical Temple.
  3520 | D:5      | Killed Blork the orc
  3524 | D:5      | Reached XP level 7. HP: 54/70 MP: 6/6
  3525 | D:5      | Noticed Edmund
  3530 | D:5      | Noticed a two-headed ogre
  3543 | D:5      | Killed a two-headed ogre
  3544 | D:5      | Reached skill level 5 in Fighting
  3544 | D:5      | Reached skill level 6 in Unarmed Combat
  3544 | D:5      | Reached XP level 8. HP: 32/80 MP: 7/7
  3551 | D:5      | Killed Edmund
  5335 | D:6      | Found Heow's Antique Armour Emporium.
  5335 | D:6      | Found Haajuu's Weapon Shoppe.
  5345 | D:6      | Found Nysid Sin's General Store.
  5354 | D:6      | Bought a potion of curing for 39 gold pieces
  5354 | D:6      | Bought a scroll of identify for 26 gold pieces
  5354 | D:6      | Bought a potion of might for 52 gold pieces
  5369 | D:6      | Reached skill level 7 in Unarmed Combat
  5440 | D:6      | Found an ornate altar of the Wu Jian Council.
  5689 | D:6      | Found Daxtoc's Antique Weapon Boutique.
  5711 | D:6      | Reached XP level 9. HP: 89/89 MP: 8/8
  5815 | D:6      | Found a hazy altar of Hepliaklqana.
  5940 | D:6      | Found a shimmering altar of Xom.
  5966 | D:6      | Found Cosialoz's Book Shop.
  5992 | D:6      | Found a sacrificial altar of Ru.
  6065 | D:6      | Noticed a deep elf pyromancer
  6076 | D:6      | Slain by a fire elemental

Illustrated notes

Levels and vault maps discovered:
D:1:      wheals_arrival_linesprint, layout_basic, minmay_heptomino_o4
D:2:      layout_basic, ebering_ecumenical_altar_rust, kennysheep_another_room,
          grunt_decor_cap, kennysheep_generic_room_6, uniq_sigmund
D:3:      corexii_shack_village, layout_loops_corners, hangedman_decor_growths,
          minmay_misc_feat_alley
D:4:      layout_basic, overflow_temple_1_default,
          mainiacjoe_overflow_large_starburst, uniq_crazy_yiuf_cottage
D:5:      layout_loops_ring, minmay_temple_entry_statues_fountains,
          uniq_blork_the_orc, uniq_edmund
D:6:      layout_basic, nzn_hepliaklqana_mist_gate,
          mainiacjoe_overflow_alcove_1, nicolae_overflow_crystal_walls,
          lemuel_crystal_altar, mainiacjoe_overflow_paths, serial_shops,
          nicolae_shop_hallway_stairs, shop, nicolae_shop_behind_doors,
          shop_fountains, nicolae_shop_hallway_plus, guppyfry_early_elven_hall

Skill      XL: |  1  2  3  4  5  6  7  8 |
---------------+-------------------------+-----
Dodging        | 3 |  3.0
Fighting       | 3 4 5 6 |  6.0
Unarmed Combat | 4 5 6 7 |  7.2
Throwing       | 1 3 4 |  4.5
Evocations     | 2 3 |  3.4

Action                   |  1- 3 |  4- 6 |  7- 9 || total
-------------------------+-------+-------+-------++-------
Melee: Unarmed           |   103 |   145 |   141 ||   389
       Punch             |       |     2 |     6 ||     8
Invok: Berserk           |       |     4 |       ||     4
       Trog's Hand       |       |     1 |     2 ||     3
 Stab: Sleeping          |     1 |     1 |       ||     2
Armor: Animal skin       |    41 |    33 |    78 ||   152
Dodge: Dodged            |    45 |    79 |    86 ||   210

Table legend: (Time is in decaauts)
 A = Elapsed time spent in this place.
 B = Non-inter-level travel time spent in this place.
 C = Inter-level travel time spent in this place.
 D = Time resting spent in this place.
 E = Time spent auto-exploring this place.
 F = Levels seen in this place.
 G = Mean time per level.
                   A        B        C        D        E       F      G
               +--------+--------+--------+--------+--------+-----+--------+
         Total |   6081 |   5952 |    129 |   1402 |   3688 |   6 | 1013.5 |
       Dungeon |   6081 |   5952 |    129 |   1402 |   3688 |   6 | 1013.5 |
               +--------+--------+--------+--------+--------+-----+--------+

Top non-repeatable levels by time:
     D:5: 1466 daAuts
     D:3: 1090 daAuts
     D:4: 1082 daAuts
     D:2: 936 daAuts
     D:1: 760 daAuts
     D:6: 745 daAuts
